 Dungeon Crawl Stone Soup version 0.30-a0-335-ge5acde7520 (webtiles) character file.

Game seed: 16196635405695439473

651 RKaid the Trooper (level 7, 0/57 HPs)
             Began as a Demonspawn Wanderer on May 23, 2021.
             Was an Initiate of Hepliaklqana.
             Slain by a jelly (1 damage)
             ... on level 3 of the Dungeon on Oct 30, 2022.
             The game lasted 00:21:50 (5364 turns).

RKaid the Trooper (Demonspawn Wanderer)             Turns: 5364, Time: 00:21:50

Health: 0/57       AC: -4    Str: 15    XL:     7   Next: 28%
Magic:  7/7        EV: 11    Int: 12    God:    Hepliaklqana [......]
Gold:   145        SH:  0    Dex: 13    Spells: 6/6 levels left

rFire   . . .      SeeInvis .    a - +2 shortbow
rCold   . . .      Faith    .    (shield currently unavailable)
rNeg    . . .      Spirit   .    g - +1 ring mail
rPois   .          Reflect  .    (no helmet)
rElec   .          Harm     .    (no cloak)
rCorr   .          Rampage  .    (no gloves)
Will    .....                    (no boots)
Stlth   +.........               (no amulet)
HPRegen 0.29/turn                (no ring)
MPRegen 0.10/turn                (no ring)

@: corroded
A: rugged brown scales 1
a: Renounce Religion


You were on level 3 of the Dungeon.
You worshipped Hepliaklqana.
Hepliaklqana was noncommittal.
You visited 2 branches of the dungeon, and saw 6 of its levels.

You collected 225 gold pieces.
You spent 80 gold pieces at shops.

Inventory:

Hand Weapons
 a - a +2 shortbow (weapon)
 b - a +0 flail of draining
   (You took it off an orc on level 3 of the Dungeon)
 p - a +0 dagger
Missiles
 d - 13 poisoned darts
 e - 4 arrows
 f - 166 stones {@Q2}
Armour
 g - a +1 ring mail (worn)
 l - a scarf of shadows
   (You found it on level 2 of the Dungeon)
 s - a +0 chain mail
   (You found it on level 4 of the Dungeon)
Scrolls
 j - a scroll of amnesia
 o - a scroll of brand weapon
 r - a scroll of noise {!r}
 t - a scroll of teleportation
Potions
 c - 2 potions of curing
 h - a potion of heal wounds
 k - 2 potions of flight
 m - 2 potions of brilliance
 n - a potion of attraction {!q}
 q - a potion of lignification {unknown}


   Skills:
 + Level 5.5 Fighting
 + Level 4.4 Ranged Weapons
 - Level 1.0 Throwing
 - Level 2.6 Armour
 + Level 3.7 Dodging
 - Level 1.0 Stealth


You had 6 spell levels left.
You didn't know any spells.
Your spell library contained the following spells:

 Spells                   Type           Power      Damage    Failure   Level
 Corona                   Hex            0%         N/A       54%         1
 Slow                     Hex            0%         N/A       54%         1
 Confusing Touch          Hex            0%         N/A       88%         3
 Gell's Gravitas          Tloc           0%         N/A       88%         3
 Ignite Poison            Fire/Tmut/Pois 0%         N/A       88%         3
 Inner Flame              Hex/Fire       0%         N/A       88%         3
 Portal Projectile        Hex/Tloc       0%         N/A       88%         3
 Cause Fear               Hex            0%         N/A       99%         4
 Leda's Liquefaction      Hex/Erth       0%         N/A       99%         4
 Petrify                  Tmut/Erth      0%         N/A       99%         4
 Metabolic Englaciation   Hex/Ice        0%         N/A       100%        5
 Silence                  Hex/Air        0%         N/A       100%        5
 Yara's Violent Unravell  Hex/Tmut       0%         3d3       100%        5
 Discord                  Hex            0%         N/A       100%        8


Dungeon Overview and Level Annotations

Branches:
Dungeon (5/15)             Temple (1/1) D:4

Altars:
Ashenzari
Cheibriados
Dithmenos
Fedhas
Gozag
Hepliaklqana
Kikubaaqudgha
Okawaru
Qazlal
Ru
Trog
Uskayaw
Vehumet
Wu Jian
Xom

Shops:
D:2 [   D:4 ?

Annotations:
D:2 Sigmund
D:4 Grinder


Innate Abilities, Weirdness & Mutations

You are partially covered in rugged brown scales. (AC +1, +3% HP)


Message History

r - a scroll of noise
There is an entrance to Kesmeov's Magic Scroll Emporium here.
i - a scroll of identify;
i - 2 scrolls of identify (gained 1) Thank you for shopping at Kesmeov's Magic Scroll Emporium!
As you read the scroll of identify, it crumbles to dust.
k - 2 potions of flight
As you read the scroll of identify, it crumbles to dust.
n - a potion of attraction You see here 31 arrows.
Done exploring.
There is a stone staircase leading down here.
You climb downwards.
The ogre shouts!
You hear a shout!
There is a stone staircase leading up here.
You shoot an arrow. The arrow barely misses the jelly.
Fire: a) +2 shortbow
Press: ? - help, Q - select action, (/) - cycle Shift-Dir - straight line, f - ogre, p - jelly
Aim: an ogre, wielding a +0 giant spiked club (77% to hit)
You shoot an arrow. The arrow hits the ogre!
You shoot an arrow. The arrow hits the ogre.
You shoot an arrow. The arrow hits the ogre.
A necrophage comes into view.
You shoot an arrow. The arrow barely misses the ogre.
The jelly hits you but does no damage. The ogre completely misses you.
The jelly hits you.
You are splashed with acid!
You climb upwards.
Level annotation: Grinder
There is a stone staircase leading down here.
You shoot an arrow. The arrow hits the ogre.
The ogre hits you with a +0 giant spiked club!
The jelly barely misses you.
You shoot an arrow. The arrow hits the ogre.
The ogre closely misses you. The jelly hits you.
You are splashed with acid!
You are too injured to fight recklessly!
The ogre attacks as you move away! The ogre closely misses you.
The jelly misses you. The jelly closely misses you.
You are too injured to fight recklessly!
The jelly attacks as you move away! The jelly closely misses you.
The jelly attacks as you move away! The jelly hits you but does no damage.
The jelly attacks as you move away! The jelly hits you but does no damage.
Fire: a) +2 shortbow
Press: ? - help, Q - select action, (/) - cycle Shift-Dir - straight line, f/p - ogre
Aim: an ogre, wielding a +0 giant spiked club (severely wounded, 77% to hit)
You shoot an arrow. The arrow hits the jelly!
The jelly hits you but does no damage. The jelly hits you.
The acid corrodes you!
You are splashed with acid.
The jelly attacks as you move away! The jelly completely misses you.
You feel much better. The jelly hits you.
You are splashed with acid.
The jelly attacks as you move away! The jelly hits you. The acid corrodes you!
You are splashed with acid.
The jelly attacks as you move away! The jelly misses you.
There is an escape hatch in the ceiling here.
The jelly closely misses you. A mysterious force pulls you upwards.
The hatch slams shut behind you.
Fire: a) +2 shortbow
Press: ? - help, Q - select action, (/) - cycle Shift-Dir - straight line, f - jelly
Aim: a jelly (heavily wounded, 90% to hit)
You shoot an arrow. The arrow barely misses the jelly.
The jelly hits you.
You are splashed with acid!
Fire: a) +2 shortbow
Press: ? - help, Q - select action, (/) - cycle Shift-Dir - straight line, f/p - jelly
Aim: a jelly (moderately wounded, 90% to hit)
You shoot an arrow.
The arrow hits the jelly but does no damage.
The jelly hits you.
You are splashed with acid!
You aren't carrying any items that you can evoke.
You feel better. The jelly hits you.
You are splashed with acid!
Okay, then.
The jelly attacks as you move away! The jelly hits you. The acid corrodes you!
You are splashed with acid!
* * * LOW HITPOINT WARNING * * *
The jelly attacks as you move away! The jelly hits you.
* * * LOW HITPOINT WARNING * * *
You are splashed with acid!
* * * LOW HITPOINT WARNING * * *
You feel better. The jelly closely misses you.
You feel better. The jelly barely misses you.
Fire: a) +2 shortbow
Press: ? - help, Q - select action, (/) - cycle Shift-Dir - straight line, f/p - jelly
Aim: a jelly (moderately wounded, 90% to hit)
You shoot an arrow.
The arrow hits the jelly but does no damage.
The jelly barely misses you. The jelly hits you.
You are splashed with acid!
* * * LOW HITPOINT WARNING * * *
Fire: a) +2 shortbow
Press: ? - help, Q - select action, (/) - cycle Shift-Dir - straight line, f/p - jelly
Aim: a jelly (moderately wounded, 90% to hit)
You shoot an arrow. The arrow hits the jelly.
The jelly hits you.
* * * LOW HITPOINT WARNING * * *
The acid corrodes you!
You are splashed with acid!
* * * LOW HITPOINT WARNING * * *
Fire: a) +2 shortbow
Press: ? - help, Q - select action, (/) - cycle Shift-Dir - straight line, f/p - jelly
Aim: a jelly (severely wounded, 90% to hit)
You shoot an arrow.
The arrow hits the jelly but does no damage.
The jelly barely misses you. The jelly hits you.
You die...

#.# #..........#
#...... #.#
#..........#####......
#.#
#.....................
#.#
#.....................
#.#
#####.###.........#.##
#.# #.# #.#.......#.#
#.# #.# #.#.........#
#.# #.# #.#######.####
#.# #@# #.# #.#... #.#
#J###.#### #.#.## #.#
#........####.#.# #.#
#####.##.#....#.## #.#
#............... #.#
#.#..#.#.##.#### #.#
#.#.......#.# #.#
#.......#.#.# #.#
#######.....#


You could see a jelly.

Vanquished Creatures
  A black bear (D:4)
  2 ogres (D:4)
  A phantom (D:4)
  A hound (D:3)
  Natasha (thrice) (D:2)
  An iguana (D:4)
  3 gnolls
  6 adders
  A worm (D:3)
  5 dart slugs
  4 orcs (D:3)
  11 bats
  9 endoplasms
  3 giant cockroaches (D:1)
  4 goblins
  7 hobgoblins
  9 jackals
  2 quokkas
  8 ball pythons
  4 frilled lizards
  7 kobolds
  5 rats
97 creatures vanquished.

Notes
Turn   | Place    | Note
-------+----------+-------------------------------------------
     0 | D:1      | RKaid the Demonspawn Wanderer began the quest for the Orb.
     0 | D:1      | RKaid set off with the following items: a +2 shortbow, 25
                  | arrows, a +0 ring mail, 13 poisoned darts, a +0 dagger
     0 | D:1      | Reached XP level 1. HP: 18/18 MP: 1/1
   126 | D:1      | Gained mutation: You are partially covered in rugged brown
                  | scales. (AC +1, +3% HP) [demonic ancestry]
   126 | D:1      | Reached XP level 2. HP: 17/24 MP: 2/2
   523 | D:1      | Reached XP level 3. HP: 29/29 MP: 3/3
   560 | D:1      | Reached skill level 2 in Ranged Weapons
   727 | D:2      | Noticed Natasha
   733 | D:2      | Killed Natasha
   734 | D:2      | Reached skill level 1 in Dodging
   867 | D:2      | Reached XP level 4. HP: 33/38 MP: 4/4
   900 | D:2      | Noticed Natasha
   902 | D:2      | Killed Natasha
   903 | D:2      | Reached skill level 4 in Fighting
  1504 | D:2      | Noticed Natasha
  1511 | D:2      | Killed Natasha
  1512 | D:2      | Reached skill level 2 in Dodging
  1512 | D:2      | Reached XP level 5. HP: 43/43 MP: 5/5
  1546 | D:2      | Noticed Sigmund
  1641 | D:2      | Found Qayrag's Armour Boutique.
  1858 | D:2      | Found a faded altar of an unknown god.
  2311 | D:3      | Reached skill level 3 in Ranged Weapons
  3143 | D:3      | Reached XP level 6. HP: 50/50 MP: 6/6
  3189 | D:3      | Identified Xirawouh's Reference Book on Curses and
                  | Intoxication
  3825 | D:4      | Reached skill level 5 in Fighting
  3825 | D:4      | Reached skill level 3 in Dodging
  3995 | D:4      | Found a hide-covered altar of Uskayaw.
  3998 | D:4      | Found a broken altar of Ashenzari.
  4004 | D:4      | Found a sacrificial altar of Ru.
  4010 | D:4      | Found a bloodstained altar of Trog.
  4273 | D:4      | Noticed Grinder
  4440 | D:4      | Found a staircase to the Ecumenical Temple.
  4463 | D:4      | HP: 13/52 [phantom (7)]
  4467 | D:4      | HP: 3/52 [phantom (5)]
  4469 | D:4      | Reached skill level 4 in Ranged Weapons
  4469 | D:4      | Reached XP level 7. HP: 3/57 MP: 7/7
  4780 | Temple   | Entered the Ecumenical Temple
  4794 | Temple   | Upgraded the game from 0.27-a0-1191-g601b473118 to
                  | 0.29-a0-334-gb41bcbb86e
  4836 | Temple   | Upgraded the game from 0.29-a0-334-gb41bcbb86e to
                  | 0.29-a0-512-gf59ac788ac
  4837 | Temple   | Reached skill level 3 in Crossbows
  4837 | Temple   | Upgraded the game from 0.29-a0-512-gf59ac788ac to
                  | 0.30-a0-335-ge5acde7520
  4908 | Temple   | Became a worshipper of Hepliaklqana the Forgotten
  5195 | D:4      | Found Kesmeov's Magic Scroll Emporium.
  5205 | D:4      | Bought a scroll of identify for 20 gold pieces
  5205 | D:4      | Bought a scroll of identify for 20 gold pieces
  5209 | D:4      | Bought a scroll of identify for 20 gold pieces
  5209 | D:4      | Bought a scroll of identify for 20 gold pieces
  5312 | D:5      | Entered Level 5 of the Dungeon
  5359 | D:3      | HP: 5/57 [acid (10)]
  5363 | D:3      | HP: 1/57 [acid (8)]
  5364 | D:3      | Slain by a jelly

Illustrated notes

Levels and vault maps discovered:
D:1:      mainiacjoe_arrival_reflecting_pool, layout_rooms,
          minmay_tree_intersection, minmay_tetromino_o2
D:2:      layout_loops_ring, serial_shops, nicolae_shop_waterfront,
          hellmonk_ecumenical_altar_leap_of_faith, minmay_misc_feat_doors,
          uniq_sigmund, uniq_natasha
D:3:      layout_basic, minmay_increasing_density
D:4:      layout_basic, minmay_overflow_temple_star_hex,
          minmay_temple_entry_drinking_statues, serial_shops,
          nicolae_shop_statue_plus, uniq_grinder
D:5:      layout_layer_cave, yredelemnul_altar_generic, gammafunk_ghost_smash
Temple:   nicolae_temple_god_jail

Skill      XL: |  1  2  3  4  5  6  7 |
---------------+----------------------+-----
Ranged Weapons | 2 3 4 |  4.4
Dodging        | 1 2 3 |  3.7
Fighting       | 4 5 |  5.5
Crossbows      | 3 |  0.0
Throwing       | |  1.0
Armour         | |  2.6
Stealth        | |  1.0

Action                   |  1- 3 |  4- 6 |  7- 9 || total
-------------------------+-------+-------+-------++-------
Melee: Dagger            |     3 |   104 |       ||   107
       Flail             |       |    39 |       ||    39
 Fire: Shortbow          |    92 |   124 |    19 ||   235
  Use: Scroll            |       |     6 |     6 ||    12
       Potion            |       |     1 |     4 ||     5
Armor: Ring mail         |    21 |    96 |     4 ||   121
Dodge: Dodged            |    36 |   162 |    15 ||   213

Table legend: (Time is in decaauts)
 A = Elapsed time spent in this place.
 B = Non-inter-level travel time spent in this place.
 C = Inter-level travel time spent in this place.
 D = Time resting spent in this place.
 E = Time spent auto-exploring this place.
 F = Levels seen in this place.
 G = Mean time per level.
                   A        B        C        D        E       F      G
               +--------+--------+--------+--------+--------+-----+--------+
         Total |   5425 |   5305 |    120 |   1584 |   2567 |   6 |  904.2 |
       Dungeon |   5278 |   5199 |     79 |   1584 |   2556 |   5 | 1055.6 |
        Temple |    146 |    105 |     41 |      0 |     11 |   1 |  146.0 |
               +--------+--------+--------+--------+--------+-----+--------+

Top non-repeatable levels by time:
     D:4: 1694 daAuts
     D:2: 1399 daAuts
     D:3: 1273 daAuts
     D:1: 902 daAuts
  Temple: 146 daAuts
     D:5: 8 daAuts

Table legend:
 A = Kills in this place as a percentage of kills in entire the game.
 B = Kills by you in this place as a percentage of kills by you in the entire game.
 C = Kills by friends in this place as a percentage of kills by friends in the entire game.
 D = Other kills in this place as a percentage of other kills in the entire game.
 E = Experience gained in this place as a percentage of experience gained in the entire game.
 F = Experience gained in this place divided by the number of levels of this place that you have seen.
                   A       B       C       D       E      F
               +-------+-------+-------+-------+-------+----------------------
         Total | 100.0 | 100.0 |   N/A |   N/A | 100.0 | 155.0
       Dungeon | 100.0 | 100.0 |   N/A |   N/A | 100.0 | 186.0
               +-------+-------+-------+-------+-------+----------------------
